3AAA
BRINKLEY BELUGAS @ GRYFINDOR BRAVES
07/23/2018
 
TOP OF THE 1ST
Brinkley Belugas batting - Pitching for Gryfindor Braves : RHP Masaharu Suto
Pitching: RHP Masaharu Suto
Batting: RHB Dan Mendoza 0-0: Called Strike
0-1: Ball
1-1: Fly out, F4 (Popup, 4M)
Batting: RHB Bernardino Minotes 0-0: Foul Ball, location: 2F
0-1: Ground out 6-3 (Groundball, 6)
Batting: LHB Patrick Larson 0-0: Called Strike
0-1: Foul Ball, location: 2F
0-2: Foul Ball, location: 2F
0-2: Ball
1-2: Strikes out swinging
Top of the 1st over - 0 run(s), 0 hit(s), 0 error(s), 0 left on base; Brinkley 0 - Gryfindor 0
BOTTOM OF THE 1ST
Gryfindor Braves batting - Pitching for Brinkley Belugas : RHP Jim Unknown
Pitching: RHP Jim Unknown
Batting: LHB Iván Flores 0-0: Called Strike
0-1: Ball
1-1: Ball
2-1: Called Strike
2-2: Ground out 4-3 (Groundball, 34)
Batting: RHB José Casarreal 0-0: Called Strike
0-1: Called Strike
0-2: Ball
1-2: Fly out, F2 (Popup, 2RF)
Batting: RHB Arlen King 0-0: Ball
1-0: Ball
2-0: SINGLE (Line Drive, 4MD)
Batting: RHB Pedro Cruz 0-0: Called Strike
0-1: Ball
1-1: Foul Ball, location: 2F
1-2: Strikes out swinging
Bottom of the 1st over - 0 run(s), 1 hit(s), 0 error(s), 1 left on base; Brinkley 0 - Gryfindor 0
TOP OF THE 2ND
Brinkley Belugas batting - Pitching for Gryfindor Braves : RHP Masaharu Suto
Batting: LHB George Wilcox 0-0: Called Strike
0-1: Ball
1-1: Ball
2-1: Foul Ball, location: 2F
2-2: Ball
3-2: Foul Ball, location: 2F
3-2: Ground out 4-3 (Groundball, 4)
Batting: RHB Raykom Mikeladze 0-0: Ball
1-0: Foul Ball, location: 2F
1-1: Fly out, F7 (Flyball, 78S)
Batting: RHB James Bolden 0-0: Ball
1-0: Called Strike
1-1: Ball
2-1: Called Strike
2-2: Foul Ball, location: 2F
2-2: Fly out, F8 (Flyball, 8RM)
Top of the 2nd over - 0 run(s), 0 hit(s), 0 error(s), 0 left on base; Brinkley 0 - Gryfindor 0
BOTTOM OF THE 2ND
Gryfindor Braves batting - Pitching for Brinkley Belugas : RHP Jim Unknown
Batting: RHB Kyle Wilson 0-0: Ball
1-0: Ball
2-0: Called Strike
2-1: Foul Ball, location: 2F
2-2: Strikes out swinging
Batting: LHB Jim Unknown 0-0: Called Strike
0-1: SINGLE (Line Drive, 8LS)
Batting: SHB Diego Chacón 0-0: Swinging Strike
0-1: Ball
1-1: Foul Ball, location: 2F
1-2: Ball
2-2: Strikes out swinging
Batting: RHB Alfredo Martínez 0-0: Ball
1-0: DOUBLE (Line Drive, 7LM)
Jim Unknown to third
Batting: RHB Claudio Pérez 0-0: Ball
1-0: Called Strike
1-1: Ground out 1-3 (Groundball, 13S)
Bottom of the 2nd over - 0 run(s), 2 hit(s), 0 error(s), 2 left on base; Brinkley 0 - Gryfindor 0
TOP OF THE 3RD
Brinkley Belugas batting - Pitching for Gryfindor Braves : RHP Masaharu Suto
Batting: RHB Dennis Shannon 0-0: Called Strike
0-1: Ball
1-1: Foul Ball, location: 2F
1-2: Strikes out swinging
Batting: RHB James Peterson 0-0: Called Strike
0-1: Ball
1-1: Swinging Strike
1-2: Strikes out swinging
Batting: RHB Juan Díaz 0-0: Ball
1-0: Called Strike
1-1: Ball
2-1: Called Strike
2-2: Strikes out swinging
Top of the 3rd over - 0 run(s), 0 hit(s), 0 error(s), 0 left on base; Brinkley 0 - Gryfindor 0
BOTTOM OF THE 3RD
Gryfindor Braves batting - Pitching for Brinkley Belugas : RHP Jim Unknown
Batting: LHB Iván Flores 0-0: Swinging Strike
0-1: Swinging Strike
0-2: Strikes out swinging
Batting: RHB José Casarreal 0-0: Ball
1-0: Fly out, F8 (Flyball, 8RM)
Batting: RHB Arlen King 0-0: Ball
1-0: Called Strike
1-1: Ball
2-1: Ground out 5-3 (Groundball, 5)
Bottom of the 3rd over - 0 run(s), 0 hit(s), 0 error(s), 0 left on base; Brinkley 0 - Gryfindor 0
TOP OF THE 4TH
Brinkley Belugas batting - Pitching for Gryfindor Braves : RHP Masaharu Suto
Batting: RHB Dan Mendoza 0-0: Ball
1-0: Called Strike
1-1: Swinging Strike
1-2: Foul Ball, location: 2F
1-2: Foul Ball, location: 2F
1-2: Ball
2-2: Strikes out swinging
Batting: RHB Bernardino Minotes 0-0: Called Strike
0-1: Fly out, F1 (Popup, 56S)
Batting: LHB Patrick Larson 0-0: Ball
1-0: Fly out, F8 (Flyball, 8RD)
Top of the 4th over - 0 run(s), 0 hit(s), 0 error(s), 0 left on base; Brinkley 0 - Gryfindor 0
BOTTOM OF THE 4TH
Gryfindor Braves batting - Pitching for Brinkley Belugas : RHP Jim Unknown
Batting: RHB Pedro Cruz 0-0: Foul Ball, location: 2F
0-1: Ball
1-1: Foul Ball, location: 2F
1-2: Foul Ball, location: 2F
1-2: Strikes out swinging
Batting: RHB Kyle Wilson 0-0: Swinging Strike
0-1: Ball
1-1: Called Strike
1-2: Strikes out swinging
Batting: LHB Jim Unknown 0-0: Ground out 4-3 (Groundball, 4)
Bottom of the 4th over - 0 run(s), 0 hit(s), 0 error(s), 0 left on base; Brinkley 0 - Gryfindor 0
TOP OF THE 5TH
Brinkley Belugas batting - Pitching for Gryfindor Braves : RHP Masaharu Suto
Batting: LHB George Wilcox 0-0: Ball
1-0: Foul Ball, location: 2F
1-1: Ground out 5-3 (Groundball, 56)
Batting: RHB Raykom Mikeladze 0-0: Called Strike
0-1: Ball
1-1: Called Strike
1-2: Strikes out swinging
Batting: RHB James Bolden 0-0: Foul Ball, location: 2F
0-1: Foul Ball, location: 2F
0-2: Ball
1-2: Strikes out looking
Top of the 5th over - 0 run(s), 0 hit(s), 0 error(s), 0 left on base; Brinkley 0 - Gryfindor 0
BOTTOM OF THE 5TH
Gryfindor Braves batting - Pitching for Brinkley Belugas : RHP Jim Unknown
Batting: SHB Diego Chacón 0-0: Ball
1-0: Foul Ball, location: 2F
1-1: Called Strike
1-2: Ball
2-2: Reached on error, E3 (Groundball, 3L)
Batting: RHB Alfredo Martínez 0-0: Ball
1-0: Ball
2-0: Ball
3-0: Called Strike
3-1: Base on Balls
Diego Chacón to second
Batting: RHB Claudio Pérez 0-0: Sac Bunt - play at first, batter OUT! 6-3
Diego Chacón to third
Alfredo Martínez to second
Batting: LHB Iván Flores 0-0: Called Strike
0-1: Foul Ball, location: 2F
0-2: Ground out 4-3 (Groundball, 4)
Diego Chacón scores
Alfredo Martínez to third
Batting: RHB José Casarreal 0-0: Fly out, F8 (Flyball, 8LM)
Bottom of the 5th over - 1 run(s), 0 hit(s), 1 error(s), 1 left on base; Brinkley 0 - Gryfindor 1
TOP OF THE 6TH
Brinkley Belugas batting - Pitching for Gryfindor Braves : RHP Masaharu Suto
Batting: RHB Dennis Shannon 0-0: Ball
1-0: Called Strike
1-1: SINGLE (Flyball, 7LS)
Batting: RHB James Peterson 0-0: SINGLE (Line Drive, 9LM)
Dennis Shannon to second
Batting: RHB Juan Díaz 0-0: Foul Ball, location: 2F
0-1: Ball
1-1: Ball
2-1: Sac Bunt - play at third, runner OUT! 1-5
James Peterson to second
Batting: RHB Dan Mendoza 0-0: Foul Ball, location: 2F
0-1: Ball
1-1: Ball
2-1: Swinging Strike
2-2: Ground out 5-3 (Groundball, 56)
James Peterson to third
Juan Díaz to second
Batting: RHB Bernardino Minotes 0-0: Ball
1-0: Ball
2-0: Called Strike
2-1: Fly out, F6 (Popup, 8LS)
Top of the 6th over - 0 run(s), 2 hit(s), 0 error(s), 2 left on base; Brinkley 0 - Gryfindor 1
BOTTOM OF THE 6TH
Gryfindor Braves batting - Pitching for Brinkley Belugas : RHP Jim Unknown
Batting: RHB Arlen King 0-0: Called Strike
0-1: Foul Ball, location: 2F
0-2: Ball
1-2: Strikes out looking
Batting: RHB Pedro Cruz 0-0: Ball
1-0: Fly out, F8 (Popup, 4MD)
Batting: RHB Kyle Wilson 0-0: Ball
1-0: Fly out, F8 (Flyball, 8RM)
Bottom of the 6th over - 0 run(s), 0 hit(s), 0 error(s), 0 left on base; Brinkley 0 - Gryfindor 1
TOP OF THE 7TH
Brinkley Belugas batting - Pitching for Gryfindor Braves : RHP Masaharu Suto
Batting: LHB Patrick Larson 0-0: Ball
1-0: Fly out, F8 (Flyball, 8RXD)
Now in CF: Ignacio García
Batting: LHB George Wilcox 0-0: Called Strike
0-1: Ball
1-1: SINGLE (Line Drive, 78S)
Batting: RHB Raykom Mikeladze 0-0: Called Strike
0-1: Swinging Strike
0-2: Ball
1-2: Ball
2-2: Strikes out looking
Pinch Hitting: LHB Jim Unknown 0-0: Fielders Choice at 2nd, U4 (Groundball, 4M)
Top of the 7th over - 0 run(s), 1 hit(s), 0 error(s), 1 left on base; Brinkley 0 - Gryfindor 1
BOTTOM OF THE 7TH
Gryfindor Braves batting - Pitching for Brinkley Belugas : RHP Jim Unknown
Now in CF: Fred Riley
Batting: LHB Jim Unknown 0-0: Ball
1-0: Ball
2-0: Ground out 1-3 (Groundball, 23)
Batting: SHB Diego Chacón 0-0: Called Strike
0-1: Ball
1-1: Ball
2-1: Ground out 4-3 (Groundball, 34)
Batting: RHB Alfredo Martínez 0-0: Ball
1-0: Fly out, F7 (Flyball, 7M)
Bottom of the 7th over - 0 run(s), 0 hit(s), 0 error(s), 0 left on base; Brinkley 0 - Gryfindor 1
TOP OF THE 8TH
Brinkley Belugas batting - Pitching for Gryfindor Braves : RHP Masaharu Suto
Now at C: Miguel Torres
Batting: RHB Dennis Shannon 0-0: Swinging Strike
0-1: Ball
1-1: Called Strike
1-2: Strikes out swinging
Batting: RHB James Peterson 0-0: Foul Ball, location: 2F
0-1: Called Strike
0-2: Ball
1-2: Strikes out swinging
Batting: RHB Juan Díaz 0-0: Ball
1-0: Ball
2-0: Swinging Strike
2-1: Swinging Strike
2-2: Ball
3-2: Strikes out looking
Top of the 8th over - 0 run(s), 0 hit(s), 0 error(s), 0 left on base; Brinkley 0 - Gryfindor 1
BOTTOM OF THE 8TH
Gryfindor Braves batting - Pitching for Brinkley Belugas : RHP Jim Unknown
Batting: RHB Claudio Pérez 0-0: Foul Ball, location: 2F
0-1: Ball
1-1: Ball
2-1: Ball
3-1: Foul Ball, location: 2F
3-2: Foul Ball, location: 2F
3-2: Ground out 5-3 (Groundball, 56S)
Batting: RHB Ignacio García 0-0: Ball
1-0: Foul Ball, location: 2F
1-1: Called Strike
1-2: SINGLE (Line Drive, 34)
Batting: RHB José Casarreal 0-0: Foul Ball, location: 2F
0-1: Ball
1-1: Called Strike
1-2: Ball
2-2: Strikes out swinging
Batting: RHB Arlen King 0-0: Ball
Ignacio García is caught stealing 2nd base
Bottom of the 8th over - 0 run(s), 1 hit(s), 0 error(s), 0 left on base; Brinkley 0 - Gryfindor 1
TOP OF THE 9TH
Brinkley Belugas batting - Pitching for Gryfindor Braves : RHP Masaharu Suto
Pitching: LHP Dave Davis
Batting: RHB Dan Mendoza 0-0: Ball
1-0: Fly out, F4 (Popup, 34D)
Batting: RHB Bernardino Minotes 0-0: Ball
1-0: Foul Ball, location: 2F
1-1: Ball
2-1: Called Strike
2-2: Foul Ball, location: 2F
2-2: Ball
3-2: Foul Ball, location: 2F
3-2: Foul Ball, location: 2F
3-2: Foul Ball, location: 2F
3-2: Base on Balls
Batting: LHB Patrick Larson 0-0: Swinging Strike
0-1: Foul Ball, location: 2F
0-2: Ball
1-2: Strikes out swinging
Pinch Hitting: RHB Terry Ryals 0-0: Ball
1-0: Fly out, F7 (Line Drive, 78M)
Top of the 9th over - 0 run(s), 0 hit(s), 0 error(s), 1 left on base; Brinkley 0 - Gryfindor 1
This league is powered by Out of the Park Baseball, the baseball management simulation game for PC, Mac and Linux
Monday, May 4th, 2015 - OOTP Baseball 15.6 Build 34